 Dungeon Crawl Stone Soup version 0.27-a0-223-ge082b6e869 (webtiles) character file.

Game seed: 16395059728074375554

5 rebelwolf the Ducker (level 1, -23/10 HPs)
             Began as a Felid Chaos Knight on Feb 2, 2021.
             Was a Plaything of Xom.
             Killed by an exploding a kobold (33 damage)
             ... exploding inner flame
             ... on level 1 of the Dungeon.
             The game lasted 00:00:18 (246 turns).

rebelwolf the Ducker (Felid Chaos Knight)            Turns: 246, Time: 00:00:19

Health: -23/10     AC:  1    Str:  8    XL:     1   Next: 66%
Magic:  2/2        EV: 18    Int: 13    God:    Xom [..*...]
Gold:   39         SH:  0    Dex: 15    Spells: 0/0 levels left
                                        Lives:  0   Deaths: 0

rFire    . . .     SeeInvis +     - Unarmed
rCold    . . .     Faith    .   (shield unavailable)
rNeg     . . .     Spirit   .   (armour unavailable)
rPois    .         Reflect  .   (helmet unavailable)
rElec    .         Harm     .   (cloak unavailable)
rCorr    .         Rampage  .   (gloves unavailable)
Will     .....                  (boots unavailable)
Stlth    ++........             (no amulet)
HPRegen  0.03/turn              (no ring)
MPRegen  0.08/turn              (no ring)

@: quick
A: very small, no armour, no weapons or thrown items, stealth, claws 1, fangs 3,
see invisible, speed 1, shaggy fur 1, sharp paws
a: Renounce Religion


You were on level 1 of the Dungeon.
You worshipped Xom.
You were a toy of Xom.
You visited 1 branch of the dungeon, and saw 1 of its levels.

You collected 39 gold pieces.

You aren't carrying anything.


   Skills:
 + Level 3.0 Fighting
 + Level 3.4 Dodging
 + Level 3.1 Unarmed Combat


You couldn't memorise any spells.
You didn't know any spells.
Your spell library was empty.

Dungeon Overview and Level Annotations

Branches:
Dungeon (1/15)

Altars:


Innate Abilities, Weirdness & Mutations

You cannot wear armour.
You are incapable of wielding weapons or throwing items.
Your paws allow you to move quietly. (Stealth)
You have sharp claws.
You have razor-sharp teeth.
You have supernaturally acute eyesight. (SInv)
You cover ground quickly.
You are covered in fur. (AC +1)
Your sharp claws are effective at attacking unaware monsters.


Message History

You start resting.
HP restored.
Found a stone staircase leading down.
Found a stone staircase leading down.
a - a scroll labelled PEAR ICUANOYFI A kobold comes into view.
It is wielding a +0 short sword.
Found a glowing puce potion.
As you read the scroll labelled PEAR ICUANOYFI, it crumbles to dust.
The creatures around you are filled with an inner flame!
It was a scroll of immolation.
The kobold shouts!
The kobold misses you.
You scratch the kobold but do no damage.
The kobold barely misses you.
You scratch the kobold.
The kobold explodes!
The fiery explosion engulfs you!!
Ouch! That really hurt!
You die...
Xom is highly amused!

.. . ##. #.! #.#
#§# #§# #@#
#.#####.#
#.......# ,
#.#######. * #.#
.### * # #.# ..#
.# #.# #.# #.# #.#
#.###..#
#.#########.)...#*


There were no monsters in sight!

Vanquished Creatures
  A ball python (D:1)
  2 goblins (D:1)
  A hobgoblin (D:1)
  A kobold (D:1)
5 creatures vanquished.

Notes
Turn   | Place    | Note
-------+----------+-------------------------------------------
     0 | D:1      | rebelwolf the Felid Chaos Knight began the quest for the
                  | Orb.
     0 | D:1      | Reached XP level 1. HP: 10/10 MP: 2/2
     8 | D:1      | XOM: divination: magic mapping
   135 | D:1      | XOM: silly message
   246 | D:1      | Killed by an exploding a kobold... exploding inner flame

Illustrated notes

Levels and vault maps discovered:
D:1:      denvon_arrival_planthouse, layout_loops_ring, minmay_misc_feat_alley,
          nrook_mini_vaults

Action                   || total
-------------------------++-------
Melee: Unarmed           ||    14
       Bite              ||     2
  Use: Scroll            ||     1
 Stab: Sleeping          ||     1
Dodge: Dodged            ||     7

Table legend: (Time is in decaauts)
 A = Elapsed time spent in this place.
 B = Non-inter-level travel time spent in this place.
 C = Inter-level travel time spent in this place.
 D = Time resting spent in this place.
 E = Time spent auto-exploring this place.
 F = Levels seen in this place.
 G = Mean time per level.
                   A        B        C        D        E       F      G
               +--------+--------+--------+--------+--------+-----+--------+
         Total |    227 |    227 |      0 |    138 |     51 |   1 |  227.0 |
       Dungeon |    227 |    227 |      0 |    138 |     51 |   1 |  227.0 |
               +--------+--------+--------+--------+--------+-----+--------+

Top non-repeatable levels by time:
     D:1: 227 daAuts
